[Event "Romanian Team Blitz Open 2022"]
[Site "Sebes"]
[Date "2022.12.04"]
[Round "6.19"]
[White "Butolo, Alexandru-Mircea"]
[Black "Stoleriu, George"]
[Result "0-1"]
[ECO "A45"]
[WhiteElo "2043"]
[BlackElo "2389"]
[Annotator "TA"]
[PlyCount "92"]
[EventDate "2022.12.04"]
[EventType "blitz"]
[EventCountry "ROU"]
[SourceTitle "playchess.com"]
[Source "ChessBase"]
[SourceQuality "1"]
[TimeControl "180+2"]

1. d4 Nf6 2. Bf4 b6 3. Nc3 Bb7 4. e3 g6 5. Nf3 Bg7 6. Be2 {[%emt 0:00:08] A45: Trompowsky Attack.} O-O 7. O-O d6 8. h3 {[%emt 0:02:50] The position is equal.} Nbd7 9. Bh2 Re8 {[%emt 0:00:01] [#]} 10. Nd2 $146 ({Predecessor:} 10. a4 a5 11. Re1 e5 12. d5 Nc5 13. Bb5 Nfd7 14. e4 Rf8 15. Bxd7 Qxd7 16. Nb5 {0-1 (54) Levitsky,A (2317)-Babazada,K (2431) Chess.com INT 2022}) 10... e5 (10... a6 {simplifies} 11. Bf3 d5 12. e4 dxe4 13. Ndxe4 Nxe4 14. Nxe4 e5) 11. dxe5 Nxe5 12. Nc4 (12. Nf3 $1 $15) 12... Nxc4 $1 $17 13. Bxc4 Qd7 14. Bb5 {[%emt 0:00:00] Prevents Qc6.} Bc6 15. Bxc6 Qxc6 16. Qd3 Nd7 {[%emt 0:00:21] Black wants to play ...Bxc3.} 17. Rad1 (17. Qb5 $11 {remains equal.} Nb8 18. Qxc6 Nxc6 19. Nd5) 17... Bxc3 18. bxc3 (18. Qxc3 $17 {only move.} Qxc3 19. bxc3) 18... Nc5 (18... Re4 $19 19. Qd5 Qxd5 20. Rxd5 Rc4) 19. Qd4 {[%emt 0:00:00] [#]} (19. Qd5 $17 {was called for.} Qa4 20. Bf4) 19... Re4 $1 $19 20. Qf6 Re6 21. Qd4 {[%emt 0:00:00] [#]} Rae8 $1 22. Bf4 Re4 {[%emt 0:00:03] Prevents f3.} 23. Qf6 Nd7 24. Qh4 Qxc3 25. f3 R4e6 ({Not} 25... Qxe3+ $2 26. Bxe3 Rxh4 27. Rd4 $19) (25... Ra4 $19 26. a3 Qxa3) 26. Qf2 $17 f5 27. Rd3 Qc5 28. Kh1 (28. Qd2 $17) 28... Nf6 (28... Ne5 $19 29. Rb3 Nc4) 29. Qd2 (29. Bh6 $17) 29... Nh5 $19 30. Rd5 (30. Rc3 $142 Qb5 31. Rd1 Nxf4 32. exf4) 30... Qc4 31. Rd1 (31. Rd3) 31... Nxf4 (31... Qxa2 $2 {is the wrong capture.} 32. Bh6 $19) 32. Rd4 Qe2 33. exf4 Qb5 34. Qc3 Qd7 35. Kh2 Re3 36. R1d3 Rxd3 37. Rxd3 $17 {[%emt 0:00:05][%mdl 4096] Endgame KQR-KQR} Re7 38. Qc4+ (38. Re3 $17) 38... Qe6 $19 39. Qa6 Kg7 40. Qxa7 Qc4 {[%emt 0:00:01][%csl LRc2,LRf4] Prevents Rc3.} 41. Qa3 Qxf4+ 42. Kg1 Re1+ 43. Kf2 Qe5 $36 {[%emt 0:00:00][%mdl 2048] Black is on the roll. Black has more active pieces.} 44. Qb4 $2 (44. Qc3 $17 {was the crucial defense.} Re2+ 45. Kf1) 44... Re2+ 45. Kf1 Rxc2 {[%emt 0:00:03] ( -> ...Qe2+)} 46. f4 (46. Qe1 $19 Qxe1+ 47. Kxe1) 46... Qe2+ {[%emt 0:00:01] Weighted Error Value: White=0.56/Black=0.22 (precise)} 0-1

[Event "Romanian Team Blitz Open 2022"]
[Site "Sebes"]
[Date "2022.12.04"]
[Round "6.20"]
[White "Zubcu, Vlad-George"]
[Black "Prelipcean, Eric-Matei"]
[Result "1-0"]
[ECO "A45"]
[WhiteElo "2135"]
[BlackElo "1909"]
[Annotator "TA"]
[PlyCount "117"]
[EventDate "2022.12.04"]
[EventType "blitz"]
[EventCountry "ROU"]
[SourceTitle "playchess.com"]
[Source "ChessBase"]
[SourceQuality "1"]
[TimeControl "180+2"]

1. d4 Nf6 2. Bg5 Ne4 3. Bf4 d5 4. f3 Nf6 5. e4 dxe4 6. Nc3 e6 {[%emt 0:00:00] A45: Trompowsky Attack.} 7. fxe4 Bb4 8. Bd3 {[%emt 0:00:05] [#]} Bxc3+ $146 (8... c5 $1 $11 {keeps the balance.}) ({Predecessor:} 8... c5 9. a3 Bxc3+ 10. bxc3 Nc6 11. Nf3 Qa5 12. O-O c4 13. Bxc4 Nxe4 14. Bd3 Nxc3 {1-0 (28) Percivaldi,M (2393)-Glimbrant,T (2268) Stockholm 2019}) 9. bxc3 $16 Nc6 10. Nf3 {[%emt 0:00:08] Inhibits e5.} O-O 11. O-O Nd7 12. e5 f5 13. exf6 $1 Nxf6 14. Qd2 Nd5 15. Bg3 Nce7 16. Bh4 {[%emt 0:00:35] A strong pair of Bishops.} Qe8 17. Ne5 Nf5 18. Bf2 Bd7 19. Rae1 (19. g4 $18 Nd6 20. Bg3) 19... Qe7 $2 (19... b5 $16 20. g4 Nd6) 20. c4 $18 Nb6 21. c3 Rae8 22. Qc2 Ba4 23. Qb1 {[%emt 0:00:04] Strongly threatening g4.} Qg5 {[%emt 0:00:00] [#]} (23... g6 {might work better.} 24. c5 Nd7 25. Qxb7 Nxe5 26. Rxe5 Qd7) 24. Qc1 $2 (24. Be3 $1 $18 {[%mdl 512] and White stays clearly on top.} Qh4 25. Bd2) 24... Qxc1 $16 25. Rxc1 Nd7 26. Nf3 (26. Rfe1 $16) 26... Bc6 $14 27. Rfe1 Bxf3 28. gxf3 Nd6 (28... b6 $14) 29. Kg2 (29. c5 $16 Nf5 30. d5) 29... b6 30. c5 bxc5 (30... Nf5 $142) 31. dxc5 $16 Nf5 32. Bb5 (32. Rb1 $142 $1) 32... Re7 33. Bc4 $36 {[%emt 0:00:09][%mdl 2048] White is really pushing.} Rf6 34. Rcd1 ({Better is} 34. Rb1 $1 $16) 34... Nf8 $14 35. Bd4 Nxd4 36. cxd4 Ref7 $2 (36... g5 $14) 37. Re3 $2 (37. d5 $1 $18 ) 37... g5 38. d5 {[%emt 0:00:22][%cal Rd5e6] White has more active pieces.} g4 $2 (38... Kg7 $1 $14) 39. dxe6 {[%emt 0:00:00] Threatens to win with e7.} gxf3+ 40. Kf2 {[%emt 0:00:00] White wants to mate with e7.} Re7 {[%emt 0:00:01] [#]} 41. Rg1+ ({Not} 41. Rxf3 Rxf3+ 42. Kxf3 Nxe6 $14) (41. Rd7 $1 $18 {[%mdl 512] is the precise move to win.} Ng6 42. Rxc7 $3 (42. Rxf3 Kg7 $16)) 41... Kh8 $16 42. Rge1 ({Much less strong is} 42. Rxf3 $6 Rxf3+ 43. Kxf3 Nxe6 $14) ({White should play} 42. c6 $18) 42... Kg7 $14 43. Rxf3 ({White should try} 43. c6 $14) 43... Rxf3+ (43... Nxe6 $11 44. Rg1+ Rg6) 44. Kxf3 {[%emt 0:00:00][%mdl 4096] Endgame KRB-KRN} Kf6 45. Ke4 {[%emt 0:00:06] And now Rf1+ would win.} Nxe6 46. Rf1+ Kg7 {[%emt 0:00:01] [#]} 47. Kd5 (47. Bxe6 $1 $16 {Hoping for Ke5.} Rxe6+ 48. Kd5) 47... Nd8 $11 48. c6 Re6 49. Rg1+ Kh8 50. Kd4 Rd6+ 51. Kc3 Ne6 (51... h6 $11 {remains equal.}) 52. Re1 $16 Nf8 (52... Nd8 $16) 53. Re8 $18 {[%emt 0:00:01] White is clearly winning.} Kg7 54. Re7+ Kg6 55. Rxc7 h5 56. Kb4 {[%emt 0:00:02] Kc5 is the strong threat.} Kf6 57. Kb5 {[%emt 0:00:01] aiming for Rf7+.} Ne6 58. Bxe6 Rxe6 59. Rxa7 {[%emt 0:00:01] Weighted Error Value: White=0.43/Black=0.63} 1-0

[Event "Romanian Team Blitz Open 2022"]
[Site "Sebes"]
[Date "2022.12.04"]
[Round "6.21"]
[White "Stanca, Adrian"]
[Black "Neacsu, Mircea"]
[Result "1-0"]
[ECO "A05"]
[WhiteElo "2182"]
[BlackElo "1901"]
[Annotator "TA"]
[PlyCount "62"]
[EventDate "2022.12.04"]
[EventType "blitz"]
[EventCountry "ROU"]
[SourceTitle "playchess.com"]
[Source "ChessBase"]
[SourceQuality "1"]
[TimeControl "180+2"]

1. Nf3 Nf6 2. g3 g6 3. Bg2 Bg7 4. O-O O-O 5. d3 d6 6. Nbd2 c6 {[%emt 0:00:03] A05: Réti Opening: 1 Nf3 Nf6.} 7. a4 {[%emt 0:00:03] [#]} a5 $146 ({Predecessor:} 7... e5 8. a5 Na6 9. c3 Nh5 10. Ne1 Be6 11. e3 Qd7 12. Bf3 Nf6 13. b4 Nd5 14. Bxd5 Bxd5 {0-1 (42) Probst,J-Schwabedahl,F Schussenried 1992}) 8. d4 Na6 {[%emt 0:00:10] The position is equal.} 9. e4 Ng4 10. h3 Nf6 11. c3 Nd7 12. Re1 e5 13. Nc4 Qc7 (13... exd4 $11 14. cxd4 (14. Nxd6 dxc3 15. bxc3 Bxc3 $11) 14... Nf6) 14. dxe5 dxe5 15. Qd6 Qxd6 16. Nxd6 Nac5 (16... Rd8 $14) 17. Bg5 $16 {[%emt 0:00:21] White is much more active. The black rooks are badly placed.} f6 18. Be3 Ne6 (18... Rd8 $16) 19. Red1 $18 {[%emt 0:00:11] Threatens to win with Nxc8.} Ndc5 20. Bf1 $1 b6 21. Bc4 Ba6 {[%emt 0:00:06] [#]} 22. Bxe6+ $2 (22. Ba2 $1 $18 {aiming for b4.} Kh8 23. b4) 22... Nxe6 $14 23. Bxb6 $2 {[%emt 0:00:02] [#]} (23. Nd2 $14 {keeps the upper hand.}) 23... Be2 (23... Rfb8 $1 $17 24. Be3 (24. Bxa5 $2 {too greedy.} Be2 $19) 24... Be2) 24. Nd2 $1 $11 Bxd1 25. Rxd1 Rab8 ({Better is} 25... Rfb8 26. N2c4 Bf8) 26. N2c4 Bh6 27. Bxa5 Ra8 28. b4 {[%emt 0:00:01] Prevents Nc5.} c5 (28... Ra6 $142) 29. Nb5 {[%emt 0:00:05] Pair of Knights!} cxb4 30. cxb4 Nd4 (30... Rf7 $16) 31. Nxd4 $18 exd4 {Weighted Error Value: White=0.36/Black=0.41} 1-0

[Event "Romanian Team Blitz Open 2022"]
[Site "Sebes"]
[Date "2022.12.04"]
[Round "6.23"]
[White "Danila, Tudor-Gabriel"]
[Black "Denes, Attila-Norbert"]
[Result "1-0"]
[ECO "B06"]
[WhiteElo "1939"]
[BlackElo "1755"]
[Annotator "TA"]
[PlyCount "63"]
[EventDate "2022.12.04"]
[EventType "blitz"]
[EventCountry "ROU"]
[SourceTitle "playchess.com"]
[Source "ChessBase"]
[SourceQuality "1"]
[TimeControl "180+2"]

1. e4 g6 2. d4 Bg7 3. Nc3 b6 4. Be3 Bb7 5. f3 d6 6. Qd2 {[%emt 0:00:03] B06: Modern Defence.} h6 7. O-O-O {[%emt 0:00:05] White is more active.} Nd7 8. g4 {[%emt 0:00:03] White is better.} e6 9. Kb1 Ne7 10. h4 a6 {[%emt 0:00:26] [#]} 11. Nge2 $146 ({Predecessor:} 11. h5 g5 12. f4 gxf4 13. Bxf4 b5 14. Bg2 Nb6 15. Nh3 Nc4 16. Qf2 b4 17. Ne2 {0-1 (41) Blokhin,S (2060)-Zia,T (2307) Chess.com INT 2022}) 11... b5 12. Ng3 Nb6 13. Bd3 Qd7 14. Rhf1 b4 {[%emt 0:00:07] Inhibits f4.} (14... O-O-O $14) 15. Nce2 $18 a5 16. Nc1 (16. f4 $18) 16... Nc6 (16... Kd8 $16) 17. Nge2 (17. Bb5 $18) 17... a4 $16 {[%emt 0:00:06] Against d5} 18. f4 b3 ({Black should play} 18... d5 $14) 19. cxb3 axb3 20. Nxb3 Bf8 $2 {[%emt 0:00:02][%mdl 8192] Loses the game.} (20... Ne7 $16 {might work better.}) 21. d5 $18 exd5 22. Bxb6 cxb6 $2 (22... dxe4 23. Nc3 cxb6) 23. exd5 Ne7 24. Ned4 {[%emt 0:00:05] [#] Threatens to win with Bb5.} ({Not} 24. Qc3 Rg8 25. Nbd4 Bg7 $16) 24... Bg7 25. Bb5 Kd8 26. Bxd7 Kxd7 27. Rfe1 Rhc8 28. Qe2 {[%emt 0:00:02][%csl Ge1][%cal Re2e7] [#]} Re8 29. Qb5+ {[%emt 0:00:02] White mates.} Kd8 30. Qxb6+ Kc8 31. Nc6 Nxd5 32. Rxe8+ {[%emt 0:00:00] Weighted Error Value: White=0.10 (very precise) /Black=0.81} 1-0

[Event "Romanian Team Blitz Open 2022"]
[Site "Sebes"]
[Date "2022.12.04"]
[Round "6.24"]
[White "Chereches, Marius-Calin"]
[Black "Mainescu, Andrei-Cristian"]
[Result "0-1"]
[ECO "B77"]
[WhiteElo "1472"]
[BlackElo "1860"]
[Annotator "NA RC COMBH"]
[PlyCount "54"]
[EventDate "2022.12.04"]
[EventType "blitz"]
[EventCountry "ROU"]
[SourceTitle "playchess.com"]
[Source "ChessBase"]
[SourceQuality "1"]
[TimeControl "180+2"]

1. e4 c5 2. Nf3 d6 3. d4 cxd4 4. Nxd4 Nf6 5. Nc3 g6 6. f3 Bg7 7. Be3 Nc6 8. Bc4 O-O 9. Bb3 Na5 10. Qd2 Nxb3 11. axb3 Re8 12. O-O a6 13. Rfd1 Bd7 14. Bh6 Bh8 15. Be3 Rc8 16. Nde2 Qc7 17. Rdc1 Bc6 18. Na4 d5 19. Bb6 Qb8 20. exd5 Nxd5 21. Bd4 e5 22. Nb6 Rcd8 23. Bc3 Nxb6 24. Qe3 Nd5 25. Qf2 Nxc3 26. Nxc3 e4 27. fxe4 Bd4 0-1

[Event "Romanian Team Blitz Open 2022"]
[Site "Sebes"]
[Date "2022.12.04"]
[Round "6.25"]
[White "Baratosi, Daniel"]
[Black "Ardelean, George-Catalin"]
[Result "0-1"]
[ECO "B22"]
[WhiteElo "2335"]
[BlackElo "2473"]
[Annotator "TA"]
[PlyCount "52"]
[EventDate "2022.12.04"]
[EventType "blitz"]
[EventCountry "ROU"]
[SourceTitle "playchess.com"]
[Source "ChessBase"]
[SourceQuality "1"]
[TimeControl "180+2"]

1. e4 c5 2. Nf3 Nc6 3. c3 Nf6 4. e5 Nd5 5. d4 cxd4 6. cxd4 d6 7. Bc4 Nb6 8. Bb5 Bd7 9. exd6 {[%emt 0:00:12] B22: Sicilian: 2 c3.} (9. Nc3 {simplifies} dxe5 10. dxe5 g6 11. Qe2) 9... e6 10. O-O Bxd6 11. Nc3 {[%emt 0:00:03] The position is equal.} Nb4 {[%emt 0:00:05] Prevents d5. was the old line (11...0-0).} 12. Bxd7+ Qxd7 {[%emt 0:00:05] [#]} 13. Qb3 $146 ({Predecessor:} 13. Ne5 Bxe5 14. dxe5 Qxd1 15. Rxd1 O-O 16. Ne4 Rac8 17. Nd6 Rc2 18. Nxb7 Nc4 19. b3 Nxe5 {1-0 (73) Ju,W (2568)-Ushenina,A (2494) Beijing 2014}) 13... N4d5 14. Ne4 O-O 15. a4 Rac8 16. a5 Nc4 17. Bg5 h6 18. Bh4 (18. Rfc1 $15) 18... Rc6 ({Better is} 18... Bb4 $17 19. a6 bxa6 20. Rxa6 f5) 19. Ra4 Rfc8 20. Bg3 {[%emt 0:00:06] [#] And now Nxd6 would win.} Bxg3 21. hxg3 {[%emt 0:00:04] Nc5 is the strong threat.} Qc7 22. Nc5 (22. Rfa1 $17) 22... Nxa5 $19 23. Qb5 b6 24. Ne5 (24. Rd1 {was called for.}) 24... Rxc5 25. dxc5 Qxe5 26. b4 $2 {[%emt 0:00:03] [#]} (26. Raa1) 26... Nc3 {[%emt 0:00:17][%csl LRa4,LRb5,LRc5] Weighted Error Value: White=0.62/Black=0.16 (very precise)} 0-1

[Event "Romanian Team Blitz Open 2022"]
[Site "Sebes"]
[Date "2022.12.04"]
[Round "6.26"]
[White "Murariu, Andrei"]
[Black "Nagy-Elek, Tamas"]
[Result "1-0"]
[ECO "E14"]
[WhiteElo "2493"]
[BlackElo "1976"]
[Annotator "TA"]
[PlyCount "43"]
[EventDate "2022.12.04"]
[EventType "blitz"]
[EventCountry "ROU"]
[SourceTitle "playchess.com"]
[Source "ChessBase"]
[SourceQuality "1"]
[TimeControl "180+2"]

1. e4 c6 2. c4 d5 3. exd5 cxd5 4. cxd5 Nf6 5. Nc3 Nxd5 6. Nf3 e6 7. d4 Be7 8. Bd3 O-O 9. O-O b6 10. Re1 Bb7 11. Qe2 {[%emt 0:00:29] E14: Queen's Indian: Classical Variation (4 e3).} Nd7 12. Qe4 (12. Nxd5 $11 Bxd5 13. a3) 12... N7f6 $17 13. Qh4 {[%emt 0:00:04] [#] Black is better.} Nxc3 $146 ({Predecessor:} 13... Nb4 14. Bb1 Ba6 15. Ne5 Rc8 16. Bg5 g6 17. Be4 Nfd5 18. Bxe7 Qxe7 19. Qg3 Rfd8 {1-0 (55) Duer,A (2365)-Angerer,H (2162) Austria 2001}) 14. bxc3 Re8 (14... Bxf3 $17 15. gxf3 Rc8) 15. Qh3 Rc8 16. Ne5 Qd6 (16... Rf8 $14) 17. Bg5 $16 g6 18. Rac1 {[%emt 0:00:10] White has more active pieces.} ({But not} 18. Nxf7 $6 Kxf7 19. Bxf6 Kxf6 $11) ({White should play} 18. Bc4 $16) 18... Nd5 $2 {[%emt 0:00:03][%mdl 8192] [#]} (18... Nh5 $11 {and Black is okay.} 19. Bd2 Bf6) 19. Bd2 $2 (19. Nxf7 $1 $18 {[%mdl 512] Threatening mate with Bxg6.} Nf4 20. Qg4 (20. Nxd6 Nxh3+ 21. gxh3 Bxd6 $14) 20... Nxd3 21. Nxd6 Bxd6 22. Rxe6 Nxc1 23. Bxc1 (23. Rxd6 $2 Re1#)) 19... Bf6 $2 (19... Nf6 $14) 20. Nxf7 $1 $18 Kxf7 (20... Qc7) 21. Qxh7+ Kf8 22. Bh6+ {[%emt 0:00:53] Weighted Error Value: White=0.60/Black=1.20} 1-0

[Event "Romanian Team Blitz Open 2022"]
[Site "Sebes"]
[Date "2022.12.04"]
[Round "6.27"]
[White "Chiheri, Alexandru-Virgil"]
[Black "Grecescu, Gabriel-Andrei"]
[Result "0-1"]
[ECO "B35"]
[WhiteElo "1937"]
[BlackElo "2388"]
[Annotator "TA"]
[PlyCount "75"]
[EventDate "2022.12.04"]
[EventType "blitz"]
[EventCountry "ROU"]
[SourceTitle "playchess.com"]
[Source "ChessBase"]
[SourceQuality "1"]
[TimeControl "180+2"]

1. e4 c5 2. Nf3 Nc6 3. d4 cxd4 4. Nxd4 g6 5. Nc3 Bg7 6. Be3 Nf6 7. Bc4 Qa5 8. O-O O-O 9. Bb3 d6 10. h3 Bd7 11. Kh1 {[%emt 0:00:02] B35: Sicilian: Accelerated Dragon with 5 Nc3: main line.} (11. Re1 $14) 11... Rac8 $11 {[%emt 0:00:21] [#]} 12. Qe2 $146 {[%emt 0:00:05] [#]} (12. Kg1 $11) ({Predecessor:} 12. f4 Nxd4 13. Bxd4 Bc6 14. Qd3 Qh5 15. Bxa7 b5 16. a3 Nd7 17. Bd4 Nc5 18. Qe3 Bxd4 19. Qxd4 Nxb3 20. cxb3 {1-0 (26) Dhanush Ram,M (1728)-Mayank,K (1434) New Delhi 2022}) 12... Qh5 (12... Nxe4 $1 $17 13. Nxc6 Bxc6 14. Nxe4 Bxe4) 13. f3 {[%emt 0:00:20] [#]} (13. Rad1 $11) 13... Ne5 ({Black should try} 13... Nxe4 $1 $15 14. fxe4 Nxd4 15. Qxh5 gxh5) 14. Rae1 a6 15. Qd2 Nc4 16. Bxc4 Rxc4 17. Qd3 (17. b3 $5 Rcc8 18. Nce2 $11) 17... Rfc8 18. Kh2 (18. Nde2 $1 $11) 18... b5 (18... d5 $17 {...e5 is the strong threat.} 19. Nde2 dxe4 20. fxe4 Ng4+ 21. Kg1 Nxe3 22. Qxe3 Bc6) 19. a3 (19. Nce2 $11 {remains equal.}) 19... Qe5+ 20. f4 Qh5 21. Bg1 e5 22. Nde2 (22. fxe5 $142 dxe5 23. Nf3) 22... d5 {[%emt 0:00:19] Black is more active.} (22... exf4 $17 {Threatens to win with ...Ng4+.} 23. Rxf4 Qe5) 23. exd5 $15 (23. Nxd5 Nxd5 24. Qxd5 Bc6 $17) 23... exf4 24. Nxf4 Ng4+ 25. Kh1 Qh6 (25... Qh4 $14) 26. Re7 $2 (26. Qf3 $16 {[%cal Of4e6] stays on course. aiming for Ne6!} Ne5 27. Qf2) 26... Bf5 {[%emt 0:00:05] Against Ne6} (26... Rxf4 $17 {keeps the pressure on.} 27. Rxf4 (27. Rxd7 $2 {loses.} Ne5 $19) 27... Qxf4 28. hxg4 (28. Rxd7 $2 Ne5 $19) 28... Qxg4) 27. Qf3 $16 {[%emt 0:00:07] And now d6 would win.} Ne5 {[%emt 0:00:06] Prevents d6.} 28. Qe3 Ng4 {[%emt 0:00:08] [#]} 29. Re8+ ({White should play} 29. Qg3 $1 $16) 29... Bf8 $11 30. Qe2 Rxe8 {[%emt 0:00:03] Dancing on a razor blade.} 31. Qxe8 Rxf4 32. Rxf4 Qxf4 33. hxg4 {[%emt 0:00:01] Hoping for Bc5.} Qh6+ ({Much less strong is} 33... Bxg4 34. Bc5 Qc1+ 35. Kh2 Qh6+ 36. Kg1 $14) 34. Bh2 Qc1+ 35. Bg1 Bxg4 36. Kh2 Qf4+ (36... Qxb2 {leads to mate.} 37. Bc5 Kg7 38. Bxf8+ Kf6 39. Be7+ Ke5 40. Qh8+ Kf4 41. Qd4+ Kf5 42. Qf6#) 37. g3 $2 (37. Kh1 $11) 37... Qd2+ $19 38. Qe2 {[%emt 0:00:12] Weighted Error Value: White=0.62/Black=0.35} 0-1

[Event "Romanian Team Blitz Open 2022"]
[Site "Sebes"]
[Date "2022.12.04"]
[Round "6.28"]
[White "Cnejev, Vladimir-Alexandru"]
[Black "Duma, Ioan-Gheorghe"]
[Result "1-0"]
[ECO "C65"]
[WhiteElo "2293"]
[BlackElo "1782"]
[Annotator "TA"]
[PlyCount "35"]
[EventDate "2022.12.04"]
[EventType "blitz"]
[EventCountry "ROU"]
[SourceTitle "playchess.com"]
[Source "ChessBase"]
[SourceQuality "1"]
[TimeControl "180+2"]

1. e4 e5 2. Nf3 Nc6 3. Bb5 Nf6 4. O-O Bc5 5. c3 d6 $2 {[%emt 0:00:00] [#]} (5... O-O $11) 6. d4 $18 {[%emt 0:00:03] C65: Ruy Lopez: Berlin Defence (3...Nf6), unusual lines and 4 0-0 Bc5.} exd4 7. cxd4 Bb6 8. d5 {White has a decisive advantage.} a6 9. Ba4 ({Inferior is} 9. Bxc6+ bxc6 10. Qa4 O-O $11) 9... O-O 10. dxc6 bxc6 11. Bxc6 {[%emt 0:00:01] White is clearly winning.} Rb8 12. Nc3 {[%emt 0:00:01] [#]} a5 $146 ({Predecessor:} 12... Bb7 13. Bxb7 Rxb7 14. Bg5 Re8 15. Qc2 h6 16. Bh4 Ba5 17. Nd5 g5 18. Nxg5 hxg5 19. Bxg5 {1-0 (58) Lekkas,A (1389)-Siakavaras,K (1116) Tornelo INT 2021}) 13. Bg5 Ba6 14. Re1 h6 15. Bh4 g5 {[%emt 0:00:26] [#]} 16. Nxg5 hxg5 (16... Nh7 17. Nf3) 17. Bxg5 Kh7 18. Nd5 {[%emt 0:00:08] Black did not feel at home in the position after the opening.   Weighted Error Value: White=0.00 (flawless) /Black=0.67} 1-0

[Event "Romanian Team Blitz Open 2022"]
[Site "Sebes"]
[Date "2022.12.04"]
[Round "6.29"]
[White "Miron, Toma"]
[Black "Zaim, Marian"]
[Result "0-1"]
[ECO "A00"]
[WhiteElo "2188"]
[BlackElo "1935"]
[Annotator "TA"]
[PlyCount "98"]
[EventDate "2022.12.04"]
[EventType "blitz"]
[EventCountry "ROU"]
[SourceTitle "playchess.com"]
[Source "ChessBase"]
[SourceQuality "1"]
[TimeControl "180+2"]

1. g4 d6 2. Bg2 c6 3. h3 e5 4. d4 Qc7 {[%emt 0:00:04] [#]} 5. e4 $146 ({Predecessor:} 5. c4 Nf6 6. Nc3 Be7 7. Nf3 Nbd7 8. g5 Nh5 9. e4 g6 10. Be3 a5 11. Qd2 {1-0 (64) Omariev,M (2304)-Hoffmann,A (2185) Chess.com INT 2022}) 5... Nf6 (5... Ne7 $11) 6. g5 {[%emt 0:00:05] A00: Irregular Openings.} Nfd7 7. c3 Be7 8. h4 {[%emt 0:00:04] White is slightly better.} c5 9. d5 Qd8 10. Ne2 Na6 11. Ng3 Nc7 12. c4 (12. a4 $16) 12... b5 $11 13. b3 Rb8 14. O-O (14. Na3 $14) 14... Nb6 (14... g6 $15) 15. Nd2 ({White should play} 15. Nc3 $14) 15... a5 (15... f6 $15) 16. f4 $16 bxc4 17. bxc4 (17. fxe5 $16 dxe5 18. Nxc4 (18. bxc4 O-O $16) 18... Nxc4 19. bxc4) 17... Nd7 (17... exf4 $14 18. Nf5 (18. Rxf4 h6 $11) 18... O-O) 18. f5 ({White should try} 18. Nb3 $18) 18... Ba6 (18... Na6 $16 {is a better defense.} 19. Rb1 Rxb1 20. Nxb1 f6 21. Qh5+ Kf8) 19. Qg4 Nb6 (19... Rg8 $142 20. Qh5 Nf8) 20. f6 $18 Bf8 (20... gxf6 {is more resistant.} 21. gxf6 Bf8) 21. h5 $2 (21. fxg7 Bxg7 22. Nf5) 21... gxf6 22. gxf6 (22. Rxf6 $18 {and White stays clearly on top. aiming for Rf2.} Be7 23. Rf2) 22... Nxc4 (22... Bxc4 $2 23. Nxc4 Nxc4 24. Bh3 $18) (22... Bc8 $16 23. Nf5 Qxf6) 23. Nxc4 Bxc4 24. Rf2 Bb5 $2 (24... Ba6 $16 {might work better.}) 25. Bd2 (25. Nf5 $142 $1 {[%cal Rf5g7] Strongly threatening Ng7+.} Qd7 26. a4) 25... Bd7 26. Qg5 (26. Nf5 $16 Bxf5 27. Qxf5 (27. Rxf5 Rb2 $16)) 26... Na6 (26... h6 $11 {keeps the balance.} 27. Qh4 Nb5) 27. a3 (27. Nf5 $16 Bxf5 28. Qxf5 (28. Rxf5 Qb6 $16)) 27... h6 $36 {[%emt 0:00:42][%mdl 2048] Black is pushing.} 28. Qh4 Rg8 (28... c4 {simplifies} 29. Nf5 Bxf5 30. Rxf5 Nc5) 29. Nf5 Bxf5 30. Rxf5 Rb2 31. Qe1 Qc8 $2 (31... Qb6 $15 {keeps the upper hand.}) 32. Rb1 $1 $16 Qb7 33. Rxb2 Qxb2 34. Rf2 Qxa3 $2 (34... c4 $16) 35. Bxa5 $2 (35. Qf1 $1 $18 {[%cal Rf1a6] and the rest is easy.} Nc7 36. Bc1) 35... Nb4 (35... Rg3 $16) 36. Bxb4 $1 $18 cxb4 37. Qb1 $2 (37. Rc2 $1 $18) 37... Rg3 38. Rb2 (38. Ra2 $5 Qe3+ $8 39. Kh2 $11) 38... Qe3+ 39. Rf2 b3 40. Qb2 {[%emt 0:00:02] [#]} (40. Qa1 $11 {remains equal.}) 40... Qxe4 {[%emt 0:00:04] Black is more active.} (40... Qe1+ $1 $17 41. Kh2 Rc3) 41. Kh2 Qh4+ 42. Kg1 Qg5 43. Qa3 Kd7 44. Qa7+ Kc8 45. Qa8+ Kc7 46. Qxf8 {[%emt 0:00:02] Black must now prevent Qe7+.} Qc1+ 47. Kh2 Qg5 {[%emt 0:00:02][%mdl 8192] [#]} (47... Rxg2+ $11 48. Kxg2 Qg5+ 49. Kh3 (49. Kf1 Qc1+ 50. Kg2 Qg5+ 51. Kh3 Qe3+ 52. Kg2 Qg5+ $11) 49... Qe3+ 50. Kg2 Qg5+ 51. Kh2 (51. Kf1 Qc1+ 52. Kg2 Qg5+ $11) 51... Qh4+ 52. Kg2 (52. Kg1 Qg5+ 53. Rg2 Qe3+ 54. Kh2 Qf4+ 55. Kh3 Qf3+ 56. Rg3 Qf1+ 57. Rg2 Qf3+ 58. Rg3 Qf1+ 59. Rg2 Qf3+ $11) 52... Qg5+) 48. Qxf7+ $2 (48. Qe7+ $1 $18 Kc8 49. Qe8+ (49. Qxf7 Rxg2+ 50. Rxg2 Qh4+ 51. Kg1 Qe1+ 52. Kh2 Qh4+ 53. Kg1 Qe1+ 54. Kh2 Qh4+ $11) 49... Kb7 50. Qd7+ (50. Qxf7+ Kb6 $11) 50... Ka8 51. Qa4+ (51. Qxd6 Rxg2+ 52. Rxg2 Qh4+ 53. Kg1 Qe1+ 54. Kh2 Qh4+ 55. Kg1 Qe1+ 56. Kh2 Qh4+ $11) 51... Kb7 52. Bf3 Rxf3 53. Rxf3 Qxh5+ 54. Kg2 Qg6+ 55. Kf2 Qc2+ 56. Kg3 Qg6+ 57. Qg4) 48... Kb6 $11 {[%emt 0:00:00] Hoping for ...Qe3. The board is on fire.} 49. Rb2 $2 (49. Qe6 $11 Rxg2+ 50. Rxg2 Qf4+ 51. Rg3 Qf2+ 52. Rg2 Qf4+ 53. Kh3 Qf3+ 54. Rg3 (54. Kh2 Qf4+ $11) 54... Qh1+ 55. Kg4 Qe4+ 56. Kh3 Qh1+ 57. Kg4 Qe4+ 58. Kh3 Qh1+) 49... Qf4 {[%emt 0:00:08] Weighted Error Value: White=0.77/Black=0.60} 0-1